 Dungeon Crawl Stone Soup version 0.22.1-2-g9c5b331383 (webtiles) character file.

6 Ivernyr the Vexing (level 1, 0/7 HPs)
             Began as a Felid Enchanter on Nov 25, 2018.
             Slain by a leopard gecko (1 damage)
             ... on level 1 of the Dungeon.
             The game lasted 00:01:26 (400 turns).

Ivernyr the Vexing (Felid Enchanter)                 Turns: 400, Time: 00:01:27

Health: 0/7        AC:  1    Str:  4    XL:     1   Next: 75%
Magic:  2/4        EV: 18    Int: 16    God:
Gold:   22         SH:  0    Dex: 16    Spells: 3/4 levels left
                                        Lives:  0   Deaths: 0

rFire    . . .     SeeInvis +     - Unarmed
rCold    . . .     Gourm    .   (shield unavailable)
rNeg     . . .     Faith    .   (armour unavailable)
rPois    .         Spirit   .   (helmet unavailable)
rElec    .         Reflect  .   (cloak unavailable)
rCorr    .         Harm     .   (gloves unavailable)
MR       .....                  (boots unavailable)
Stlth    +++.......             (no amulet)
HPRegen  0.02/turn              (no ring)
MPRegen  0.09/turn              (no ring)

@: very slightly contaminated, quick
A: very small, no armour, no weapons or thrown items, stealth, claws 1, fangs 3,
see invisible, carnivore, speed 1, shaggy fur 1, slow metabolism 1, sharp paws
a: no special abilities


You were on level 1 of the Dungeon.
You were not hungry.

You visited 1 branch of the dungeon, and saw 1 of its levels.

You collected 22 gold pieces.

Inventory:

Scrolls
 a - a scroll of identify {unknown}
Comestibles
 b - 2 rations


   Skills:
 + Level 2.8 Dodging
 * Level 4.3 Stealth
 - Level 1.0 Unarmed Combat
 + Level 2.1 Spellcasting
 + Level 4.5 Hexes


You had 3 spell levels left.
You knew the following spells:

 Your Spells              Type           Power        Failure   Level  Hunger
a - Corona                Hex            ###....      3%          1    #......

Your spell library contained the following spells:

 Spells                   Type           Power        Failure   Level  Hunger
 Confuse                  Hex            ###.....     10%         3    ###....
 Tukima's Dance           Hex            ###.....     10%         3    ###....
 Ensorcelled Hibernation  Hex/Ice        #.....       12%         2    ###....
 Dazzling Spray           Conj/Hex       #.....       24%         3    ###....


Dungeon Overview and Level Annotations

Branches:
Dungeon (1/15)

Altars:


Innate Abilities, Weirdness & Mutations

You cannot wear armour.
You are incapable of wielding weapons or throwing items.
Your paws allow you to move quietly. (Stealth)
You have sharp claws.
You have razor-sharp teeth.
You have supernaturally acute eyesight. (SInv)
You are carnivorous and can eat meat at any time.
You cover ground quickly.
You are covered in fur. (AC +1)
You have a slow metabolism.
Your sharp claws are effective at attacking unaware monsters.


Message History

Aiming: Corona (safe; 3% risk of failure)
Press: ? - help, Shift-Dir - straight line, f/p - leopard gecko
Aim: a leopard gecko (clinging, chance to defeat MR: 71%)
The leopard gecko is outlined in light.
The leopard gecko bites you.
You barely miss the leopard gecko. The leopard gecko bites you.
Ouch! That really hurt!
* * * LOW HITPOINT WARNING * * *
You scratch the leopard gecko.
The leopard gecko is lightly wounded.
The leopard gecko misses you.
You scratch the leopard gecko.
The leopard gecko is moderately wounded.
The leopard gecko bites you but does no damage.
You scratch the leopard gecko but do no damage.
The leopard gecko is moderately wounded.
The leopard gecko misses you.
You scratch the leopard gecko but do no damage.
The leopard gecko is moderately wounded.
The leopard gecko barely misses you. The leopard gecko bites you.
You die...

#l# ### #. #.# #(. ..#
#.####.####... ...# #.#
#...........# #..# #.#
#..# #.# #..# #.# # #..#
#.# #..# #.# #.##..###.###
#..# #.#
#.........l.#######..###.#
####....###@.............#
##..##.##..............#
#...###.#....##'##....####
#....##.#...##...##.......
#...........#..<..#...####
##.#.#......##...##......#
##...##.....##+##....##.#
##.###.......)......##.#
#.# #..............##.#


You could see a leopard gecko.

Vanquished Creatures
  A bat (D:1)
  2 goblins (D:1)
  A hobgoblin (D:1)
  A rat (D:1)
5 creatures vanquished.

Notes
Turn   | Place    | Note
-------+----------+-------------------------------------------
     0 | D:1      | Ivernyr the Felid Enchanter began the quest for the Orb.
     0 | D:1      | Reached XP level 1. HP: 7/7 MP: 4/4
   400 | D:1      | Slain by a leopard gecko

Action                   || total
-------------------------++-------
Melee: Unarmed           ||    26
       Bite              ||     1
 Cast: Corona            ||     1
Armor: Skin              ||     2
Dodge: Dodged            ||    22
